 Dungeon Crawl Stone Soup version 0.25.1-2-g60ff931df9 (webtiles) character file.

Game seed: 18400397121834310303

130 Almogavar the Skirmisher (level 4, -13/37 HPs)
             Began as a Demonspawn Abyssal Knight on Sept 4, 2020.
             Was a Follower of Lugonu.
             Killed from afar by Dowan (25 damage)
             ... with a shard of ice
             ... on level 4 of the Dungeon.
             The game lasted 00:10:16 (2742 turns).

Almogavar the Skirmisher (DsAK)                     Turns: 2742, Time: 00:10:16

Health: -13/37     AC:  4    Str: 14    XL:     4   Next: 89%
Magic:  5/5        EV: 11    Int: 13    God:    Lugonu [*.....]
Gold:   178        SH:  7    Dex: 12    Spells: 3/3 levels left

rFire    + . .     SeeInvis .   a - +1 falchion
rCold    x . .     Gourm    .   t - +0 buckler
rNeg     . . .     Faith    .   b - +0 leather armour
rPois    .         Spirit   .   (no helmet)
rElec    .         Reflect  .   (no cloak)
rCorr    +         Harm     .   s - +0 pair of gloves
MR       .....                  (no boots)
Stlth    +.........             h - amulet of regeneration
HPRegen  0.52/turn              d - ring of resist corrosion
MPRegen  0.09/turn              i - ring of fire

@: no status effects
A: large bone plates 1, demonic guardian 1
a: Depart the Abyss, Renounce Religion


You were on level 4 of the Dungeon.
You worshipped Lugonu.
Lugonu was aware of your devotion.
You were not hungry.

You visited 1 branch of the dungeon, and saw 4 of its levels.
You visited the Abyss 1 time.

You collected 178 gold pieces.

Inventory:

Hand Weapons
 a - a +1 falchion (weapon)
Armour
 b - a +0 leather armour (worn)
 g - a cursed +0 scale mail
 s - a +0 pair of gloves (worn)
 t - a +0 buckler (worn)
Jewellery
 d - a ring of resist corrosion (left hand)
 h - an amulet of regeneration (around neck)
 i - a ring of fire (right hand)
Wands
 p - a wand of iceblast (10)
 v - a wand of paralysis (7)
Scrolls
 f - 4 scrolls of teleportation
 j - a scroll of blinking {unknown}
 k - a scroll of remove curse
 n - a scroll of fog {unknown}
 r - a scroll of amnesia {unknown}
 u - a scroll of fear {unknown}
Potions
 e - a potion of stabbing {unknown}
 l - a potion of brilliance {unknown}
 o - a potion of curing {unknown}
 q - a potion of invisibility {unknown}
Comestibles
 c - 7 rations


   Skills:
 + Level 3.8 Fighting
 + Level 3.2 Long Blades
 + Level 2.5 Armour
 + Level 1.6 Dodging
 + Level 0.2 Stealth
 + Level 0.2 Shields
 + Level 2.5 Invocations


You had 3 spell levels left.
You didn't know any spells.
Your spell library was empty.

Dungeon Overview and Level Annotations

Branches:
Dungeon (4/15)
 Temple: D:4-7

Altars:
Gozag
Qazlal

Shops:
D:3 *

Annotations:
D:3 2 runed translucent doors, Joresh2's ghost, amateur DEFE
D:4 Dowan


Innate Abilities, Weirdness & Mutations

You are partially covered in large bone plates. (SH +4)
A weak demonic guardian rushes to your aid.


Message History

Your quasit resists.
Your iron imp hits Duvessa.
Your quasit barely misses Dowan.
Your quasit claws Dowan.
Your quasit misses Dowan. The leopard gecko bites you.
You hit Duvessa but do no damage.
Duvessa is almost dead.
Your iron imp disappears in a puff of smoke!
Your quasit disappears in a puff of smoke!
The leopard gecko bites you but does no damage.
Unknown command.
You hit Duvessa.
You kill Duvessa!
Lugonu accepts your kill.
Dowan screams, "No!
Oh no!"
Dowan seems to find hidden reserves of power!
Your Long Blades skill increases to level 3!
The leopard gecko bites you.
Dowan points at you and mumbles some strange words.
The shard of ice hits you!!
You feel a painful chill!
Ouch! That really hurt!
You die...

...............
...............
...............
...............
...............
............#
....§§.l...#
....§e.@..#
.......)..#
..........#
.........##
.........#
..........
...#......
..####.####


You could see Dowan (fast) and a leopard gecko.

Vanquished Creatures
  Duvessa (D:4)
  An adder (D:3)
  An ooze (D:2)
  2 dart slugs (D:1)
  4 leopard geckos
  2 orcs
  2 giant cockroaches (D:2)
  7 goblins
  6 hobgoblins
  5 kobolds
  A ball python (D:2)
  5 bats
  6 frilled lizards
  8 rats
51 creatures vanquished.

Notes
Turn   | Place    | Note
-------+----------+-------------------------------------------
     0 | Abyss:1  | Almogavar the Demonspawn Abyssal Knight began the quest for
                  | the Orb.
     0 | Abyss:1  | Reached XP level 1. HP: 18/18 MP: 2/2
    37 | Abyss:1  | Noticed a raiju
    38 | D:1      | Escaped the Abyss
   197 | D:1      | Reached * piety under Lugonu
   336 | D:1      | Gained mutation: A weak demonic guardian rushes to your
                  | aid. [demonic ancestry]
   336 | D:1      | Reached XP level 2. HP: 24/24 MP: 3/3
   875 | D:1      | Reached skill level 1 in Dodging
  1190 | D:2      | Reached XP level 3. HP: 27/29 MP: 4/4
  2069 | D:3      | Found an opulent altar of Gozag.
  2073 | D:3      | Found Gozag's Platinum Reserve.
  2102 | D:3      | Found a large runed translucent door.
  2102 | D:3      | Found a large runed translucent door.
  2104 | D:3      | Noticed Joresh2's ghost (amateur DEFE)
  2135 | D:3      | Gained mutation: You are partially covered in large bone
                  | plates. (SH +4) [demonic ancestry]
  2135 | D:3      | Reached XP level 4. HP: 31/36 MP: 5/5
  2154 | D:3      | Found a stormy altar of Qazlal.
  2724 | D:4      | Noticed Duvessa
  2724 | D:4      | Noticed Dowan
  2742 | D:4      | Killed Duvessa
  2742 | D:4      | Killed from afar by Dowan

Illustrated notes

Levels and vault maps discovered:
D:1:      wander_arrival_fairy_ring, layout_loops_corners
D:2:      layout_basic
D:3:      layout_loops_ring, nicolae_gozag_zags_fifth_avenue,
          grunt_qazlal_sundering, ebering_ghost_disaster_area
D:4:      layout_layer_cave, first_ration, uniq_duvessa, uniq_pikel

Skill      XL: |  1  2  3  4 |
---------------+-------------+-----
Armour         | 2 |  2.5
Long Blades    | 2 3 |  3.2
Dodging        | 1 |  1.6
Fighting       | |  3.8
Stealth        | |  0.2
Shields        | |  0.2
Invocations    | |  2.5

Action                   |  1- 3 |  4- 6 || total
-------------------------+-------+-------++-------
Melee: Falchion          |   127 |    19 ||   146
Invok: Depart the Abyss  |     1 |       ||     1
  Use: Scroll            |     4 |       ||     4
  Eat: Chunk             |     4 |     2 ||     6
Armor: Leather armour    |    40 |     9 ||    49
Dodge: Dodged            |    68 |    10 ||    78
Block: Buckler           |       |    11 ||    11
       Rpst.: Falchion   |    25 |     2 ||    27
